 Dungeon Crawl Stone Soup version 0.21.1-1-g345015f (webtiles) character file.

333 theblackcape the Covert (level 6, -1/30 HPs)
             Began as a Spriggan Assassin on June 28, 2018.
             Slain by a slave (3 damage)
             ... led by Pikel
             ... on level 4 of the Dungeon.
             The game lasted 00:12:07 (4224 turns).

theblackcape the Covert (Spriggan Assassin)         Turns: 4224, Time: 00:12:08

Health: -1/30      AC:  4    Str:  7    XL:     6   Next: 27%
Magic:  7/7        EV: 22    Int: 12    God:
Gold:   193        SH:  0    Dex: 20    Spells: 5/5 levels left

rFire    . . .     SeeInvis +   a - +3 dagger
rCold    . . .     Gourm    .   (shield restricted)
rNeg     . . .     Faith    .   m - +0 robe
rPois    .         Spirit   .   (helmet restricted)
rElec    .         Reflect  .   d - +1 cloak
rCorr    .         Harm     .   (gloves unavailable)
MR       +....                  (boots unavailable)
Stlth    +++++.....             h - amulet of rage
HPRegen  0.10/turn              l - +3 ring of evasion
MPRegen  0.10/turn              (no ring)

@: very quick
A: very small, unfitting armour, see invisible, herbivore, speed 3, slow
metabolism 2
a: Evoke Berserk Rage


You were on level 4 of the Dungeon.
You were very hungry.

You visited 1 branch of the dungeon, and saw 4 of its levels.

You collected 193 gold pieces.

Inventory:

Hand Weapons
 a - a +3 dagger (weapon)
 b - a +0 blowgun
 q - a +0 rapier
Missiles
 e - 12 poisoned needles
 f - 2 curare-tipped needles
Armour
 d - a +1 cloak (worn)
 m - a +0 robe (worn)
Jewellery
 h - an amulet of rage (around neck)
 l - a +3 ring of evasion (left hand)
Wands
 c - a wand of disintegration (14)
 v - a wand of digging (6)
Scrolls
 j - 2 scrolls of enchant armour
 k - 2 scrolls of amnesia
 n - a scroll of magic mapping {unknown}
 p - a scroll of identify
 r - a scroll of enchant weapon
Potions
 i - 2 potions of haste
 o - a potion of might
 s - a potion of lignification
 t - a potion of resistance {unknown}
 u - a potion of curing {unknown}
Books
 w - a book of Cantrips

   Spells                             Type                      Level
   a - Confusing Touch                Hexes                        1
   b - Animate Skeleton               Necromancy                   1
   c - Summon Small Mammal            Summoning                    1
   d - Apportation                    Translocation                1
Comestibles
 g - 6 rations


   Skills:
 + Level 1.9 Fighting
 + Level 3.4 Short Blades
 - Level 2.0 Throwing
 * Level 3.5 Dodging
 * Level 10.0 Stealth


You had 5 spell levels left.
You didn't know any spells.

Dungeon Overview and Level Annotations

Branches:
Dungeon (4/15)
 Temple: D:4-7

Altars:
Qazlal
Xom
The Shining One

Annotations:
D:4 Pikel


Innate Abilities, Weirdness & Mutations

You are very small and have problems with some larger weapons.
You are too small for most types of armour.
You have supernaturally acute eyesight. (SInv)
You are a herbivore.
You cover ground extremely quickly.
You need consume almost no food.


Message History

Pikel is almost dead.
The slave completely misses you. Pikel completely misses you.
The slave completely misses you.
You hit Pikel but do no damage.
Pikel is almost dead.
The slave completely misses you. Pikel barely misses you.
The slave closely misses you.
You hit Pikel but do no damage.
Pikel is almost dead.
The slave closely misses you. Pikel hits you with a whip of freezing.
Pikel freezes you.
You hit Pikel but do no damage.
Pikel is almost dead.
The slave closely misses you. The slave hits you!
* * * LOW HITPOINT WARNING * * *
Pikel closely misses you.
You hit Pikel but do no damage.
Pikel is almost dead.
The slave barely misses you. The slave hits you.
You die...

#..K......#
#..#.#.#.##
#........#
##.#.#.#.#
#....K(.#
######.##
#(###########
###(.pp.......#
#...†K@######.#
#.##.p...# ### #.
#.#.#.# #<# #
#.#.#.# #.#
#.#.#.. #.#
..#.###########.#
###.# #.......#
#.# #.####### #.#
#....#


You could see Pikel and 3 slaves.

Vanquished Creatures
  2 vampire bats (D:3)
  A centaur skeleton (D:4)
  Ijyb (D:3)
  12 adders
  An ooze (D:2)
  6 worms
  A dart slug (D:2)
  3 leopard geckos
  3 giant cockroaches
  11 goblins
  4 hobgoblins
  5 jackals
  2 kobolds
  3 quokkas (D:2)
  A ball python (D:3)
  11 bats
  4 frilled lizards
  A jackal skeleton (D:4)
  10 rats
82 creatures vanquished.

Vanquished Creatures (others)
  2 jackals (D:2)
2 creatures vanquished.

Grand Total: 84 creatures vanquished

Notes
Turn   | Place    | Note
-------+----------+-------------------------------------------
     0 | D:1      | theblackcape the Spriggan Assassin began the quest for the Orb.
     0 | D:1      | Reached XP level 1. HP: 10/10 MP: 2/2
    46 | D:1      | Reached skill level 6 in Stealth
   164 | D:1      | Found a glowing golden altar of the Shining One.
   314 | D:1      | Reached XP level 2. HP: 14/14 MP: 3/3
   955 | D:2      | Reached skill level 7 in Stealth
  1032 | D:2      | Reached XP level 3. HP: 12/18 MP: 4/4
  1846 | D:2      | Reached XP level 4. HP: 14/23 MP: 5/5
  1991 | D:2      | Found a stormy altar of Qazlal.
  2069 | D:2      | Reached skill level 8 in Stealth
  2699 | D:3      | Reached XP level 5. HP: 25/26 MP: 6/6
  3316 | D:3      | Found a shimmering altar of Xom.
  3731 | D:3      | Reached skill level 9 in Stealth
  3862 | D:3      | Noticed Ijyb
  3865 | D:3      | Killed Ijyb
  3865 | D:3      | Reached XP level 6. HP: 30/30 MP: 7/7
  4083 | D:4      | Reached skill level 10 in Stealth
  4138 | D:4      | Noticed a slave
  4142 | D:4      | Noticed Pikel
  4142 | D:4      | Noticed a slave
  4143 | D:4      | Noticed a slave
  4143 | D:4      | Noticed a slave
  4224 | D:4      | Slain by a slave

Skill      XL: |  1  2  3  4  5  6 |
---------------+-------------------+-----
Stealth        | 6 7 8 9 10 | 10.0
Dodging        | 2 3 |  3.5
Short Blades   | 3 |  3.4
Fighting       | |  1.9
Throwing       | |  2.0

Action                   |  1- 3 |  4- 6 || total
-------------------------+-------+-------++-------
Melee: Dagger            |    94 |   188 ||   282
 Fire: Blowgun           |       |     9 ||     9
  Use: Scroll            |     3 |     5 ||     8
       Potion            |       |     3 ||     3
 Stab: Sleeping          |    12 |    19 ||    31
       Distracted        |       |     2 ||     2
Armor: Robe              |     6 |    12 ||    18
Dodge: Dodged            |    68 |   129 ||   197
